 Dungeon Crawl Stone Soup version 0.24.1-14-gf8d2b509d9 (console) character file.

Game seed: 16267877504021150410, levelgen mode: deterministic

2 Kagalorn the Magician (level 1, -1/13 HPs)
             Began as a Gnoll Wanderer on Oct 2, 2020.
             Slain by a leopard gecko (2 damage)
             ... on level 1 of the Dungeon.
             The game lasted 00:01:08 (217 turns).

Kagalorn the Magician (Gnoll Wanderer)               Turns: 217, Time: 00:01:08

Health: -1/13      AC:  2    Str: 17    XL:     1   Next: 40%
Magic:  6/6        EV: 11    Int: 12    God:
Gold:   7          SH:  0    Dex: 13    Spells: 9/9 levels left

rFire    . . .     SeeInvis .   a - +0 dagger
rCold    . . .     Gourm    .   (no shield)
rNeg     . . .     Faith    .   d - +0 robe
rPois    .         Spirit   .   (no helmet)
rElec    .         Reflect  .   (no cloak)
rCorr    .         Harm     .   (no gloves)
MR       .....                  (no boots)
Stlth    ++........             (no amulet)
HPRegen  0.04/turn              (no ring)
MPRegen  0.10/turn              (no ring)

@: no status effects
A: distributed training, fangs 1, strong nose
a: no special abilities


You were on level 1 of the Dungeon.
You were not hungry.

You visited 1 branch of the dungeon, and saw 1 of its levels.

You collected 7 gold pieces.

Inventory:

Hand Weapons
 a - a +0 dagger (weapon)
Armour
 d - a +0 robe (worn)
Jewellery
 b - an uncursed ring of stealth {unknown}
Scrolls
 c - a scroll of teleportation
 e - a scroll of fog {unknown}
Comestibles
 g - 2 rations


   Skills:
 + Level 0.0 Fighting
 + Level 0.0 Short Blades
 + Level 0.0 Long Blades
 + Level 0.0 Axes
 + Level 0.0 Maces & Flails
 + Level 0.0 Polearms
 + Level 0.0 Staves
 + Level 0.0 Slings
 + Level 0.0 Bows
 + Level 0.0 Crossbows
 + Level 0.0 Throwing
 + Level 0.0 Armour
 + Level 0.0 Dodging
 + Level 4.0 Stealth
 + Level 0.0 Shields
 + Level 0.0 Unarmed Combat
 + Level 4.8 Spellcasting
 + Level 1.9 Conjurations
 + Level 0.0 Hexes
 + Level 0.0 Charms
 + Level 0.0 Summonings
 + Level 0.0 Necromancy
 + Level 3.6 Translocations
 + Level 0.0 Transmutations
 + Level 1.9 Fire Magic
 + Level 3.6 Ice Magic
 + Level 0.0 Air Magic
 + Level 0.0 Earth Magic
 + Level 0.0 Poison Magic
 + Level 0.1 Invocations
 + Level 0.0 Evocations


You had 9 spell levels left.
You didn't know any spells.
Your spell library contained the following spells:

 Spells                   Type           Power        Failure   Level  Hunger
 Magic Dart               Conj           #...         9%          1    None
 Searing Ray              Conj           #.....       14%         2    ##.....
 Corona                   Hex            #......      21%         1    None
 Dazzling Spray           Conj/Hex       #.....       38%         3    ###....
 Confuse                  Hex            #.......     52%         3    ###....
 Force Lance              Conj/Tloc      #.......     54%         4    ####...
 Iskenderun's Mystic Bla  Conj           #.......     65%         4    ####...
 Fulminant Prism          Conj/Hex       #.........   80%         4    ####...


Dungeon Overview and Level Annotations

Branches:
Dungeon (1/15)

Altars:


Innate Abilities, Weirdness & Mutations

Your experience applies equally to all skills.
You have very sharp teeth.
Your uncanny sense of smell can sniff out nearby items.


Message History

The bat is severely wounded.
The bat barely misses you.
You hit the bat.
You kill the bat!
You barely miss the rat. The rat bites you but does no damage.
You hit the rat.
You kill the rat!
You aren't carrying any potions.
You closely miss the leopard gecko.
The leopard gecko is lightly wounded.
The leopard gecko bites you.
* * * LOW HITPOINT WARNING * * *
You hit the leopard gecko.
You bite the leopard gecko, but do no damage.
The leopard gecko is moderately wounded.
The leopard gecko barely misses you.
You miss the leopard gecko.
The leopard gecko is moderately wounded.
The leopard gecko bites you.
You die...

##.#.......#......#....
#..#.......#......#....
#####.##.......#......'....
#..............#...########
#.......#......#...#..'...#
#..............#...#.)#..)#
#........#.#'####'##'##...#
#.......##l#.†.#...#<####'#
#.......##@#...#...###....#
#.......##.#...#.....#....#
#)......##.#...#.....'....#
##.#######.#...#.....#....#
#. #.#...############ .
#.#.........#.....
..#.........#.....
..#.........'.....
################


You could see a leopard gecko.

Vanquished Creatures
  A bat (D:1)
  A kobold (D:1)
  2 rats (D:1)
4 creatures vanquished.

Notes
Turn   | Place    | Note
-------+----------+-------------------------------------------
     0 | D:1      | Kagalorn the Gnoll Wanderer began the quest for the Orb.
     0 | D:1      | Kagalorn set off with the following items: a +0 club, a
                  | scroll of teleportation, a +0 robe, a +0 dagger, a ration;
                  | and the following spells available to memorise: Magic Dart,
                  | Searing Ray, Corona, Dazzling Spray, Confuse, Force Lance,
                  | Iskenderun's Mystic Blast, Fulminant Prism
     0 | D:1      | Reached XP level 1. HP: 13/13 MP: 6/6
   217 | D:1      | Slain by a leopard gecko

Levels and vault maps discovered:
D:1:      minmay_arrival_widening_spiral_wide, layout_rooms

Action                   || total
-------------------------++-------
Melee: Dagger            ||    20
       Bite              ||     2
Armor: Robe              ||     9
Dodge: Dodged            ||    16
